 Dungeon Crawl Stone Soup version 0.29.1-15-g9cfb28693d (webtiles) character file.

Game seed: 3695372712659322530

368 kingofthe the Sneak (level 6, -5/28 HPs)
             Began as a Spriggan Enchanter on Mar 20, 2023.
             Killed by divine providence
             ... invoked by an orc priest
              (15 damage)
             ... on level 5 of the Dungeon.
             The game lasted 00:15:47 (4811 turns).

kingofthe the Sneak (Spriggan Enchanter)            Turns: 4811, Time: 00:15:48

Health: -5/28      AC:  2    Str:  4    XL:     6   Next: 41%
Magic:  3/13       EV: 19    Int: 17    God:
Gold:   247        SH:  0    Dex: 17    Spells: 8/13 levels left

rFire   . . .      SeeInvis +   b - +2 short sword (vamp)
rCold   . . .      Faith    .   (no shield)
rNeg    . . .      Spirit   .   d - +0 robe
rPois   .          Reflect  .   (helmet restricted)
rElec   .          Harm     .   (no cloak)
rCorr   .          Rampage  .   (gloves unavailable)
Will    +....                   (boots unavailable)
Stlth   ++++......              (no amulet)
HPRegen 0.09/turn               (no ring)
MPRegen 0.13/turn               (no ring)

@: very quick
A: very small, no large weapons, unfitting armour, see invisible, speed 3
a: no special abilities


You were on level 5 of the Dungeon.
You visited 1 branch of the dungeon, and saw 5 of its levels.

You collected 247 gold pieces.


Innate Abilities, Weirdness & Mutations

You are very small and have problems with some larger weapons.
You are too small for most types of armour.
You have supernaturally acute eyesight. (SInv)
You cover ground extremely quickly. (Speed+++)


   Skills:
 - Level 1.1 Short Blades
 + Level 4.8 Dodging
 + Level 7.7 Stealth
 + Level 4.4 Spellcasting
 + Level 5.1 Hexes


You had 8 spell levels left.
You knew the following spells:

 Your Spells              Type           Power      Damage    Failure   Level
a - Ensorcelled Hibernat  Hex/Ice        24%        N/A       8%          2
b - Confusing Touch       Hex            21%        N/A       5%          3

Your spell library contained the following spells:

 Spells                   Type           Power      Damage    Failure   Level
 Tukima's Dance           Hex            21%        N/A       5%          3
 Dazzling Flash           Conj/Hex       24%        N/A       16%         3
 Gell's Gravitas          Tloc           3%         N/A       41%         3
 Lesser Beckoning         Tloc           3%         N/A       41%         3
 Teleport Other           Tloc           3%         N/A       41%         3

Inventory:

Hand Weapons
 a - a +1 dagger of protection
 b - a +2 vampiric short sword (weapon)
Missiles
 k - a curare-tipped dart (quivered) {=f}
Armour
 d - a +0 robe (worn)
Scrolls
 g - a scroll of noise {unknown}
 h - a scroll of brand weapon {unknown}
 i - a scroll of fear {unknown}
 j - 6 scrolls of identify {unknown}
 m - a scroll of enchant weapon {unknown}
 o - a scroll of amnesia {unknown}
 p - a scroll of fog {unknown}
 q - a scroll of teleportation {unknown}
Potions
 c - 2 potions of invisibility
 e - 2 potions of curing {unknown}
 f - 2 potions of heal wounds {unknown}
 l - a potion of mutation {unknown}
 n - a potion of degeneration {unknown}

Dungeon Overview and Level Annotations

Branches:
Dungeon (5/15)
 Temple: D:4-7

Altars:
Ashenzari
Elyvilon
Qazlal

.... #..# # #..#
.# #..# .#
#####..# $.#
.......########.
░.#
..........!.....
#.## ##...## #
<..# ##.@.o[## .#
.#.#
##.......####..#
.# #
#..........[)..#
.#
...........####.##
## ####....$.## ..
░░░░░░░░ ░░


You could see an orc priest.


Message History

Aim: an orc priest, wielding a +0 trident and wearing a +0 leather armour (chance to affect: 46%)
The orc priest resists with some effort.
The orc priest hits you but does no damage.
Casting: Ensorcelled Hibernation (safe; 8% risk of failure)
Confirm with . or Enter, or press ? or * to list all spells.
Aiming: Ensorcelled Hibernation (safe; 8% risk of failure)
Press: ? - help, Shift-Dir - straight line, f/p - orc priest
Aim: an orc priest, wielding a +0 trident and wearing a +0 leather armour (chance to affect: 46%)
The orc priest resists with some effort.
The orc priest hits you from afar with a +0 trident.
Casting: Ensorcelled Hibernation (safe; 8% risk of failure)
Confirm with . or Enter, or press ? or * to list all spells.
Aiming: Ensorcelled Hibernation (safe; 8% risk of failure)
Press: ? - help, Shift-Dir - straight line, f/p - orc priest
Aim: an orc priest, wielding a +0 trident and wearing a +0 leather armour (chance to affect: 46%)
The orc priest resists with some effort.
The orc priest hits you from afar with a +0 trident!
Casting: Ensorcelled Hibernation (safe; 8% risk of failure)
Confirm with . or Enter, or press ? or * to list all spells.
Aiming: Ensorcelled Hibernation (safe; 8% risk of failure)
Press: ? - help, Shift-Dir - straight line, f/p - orc priest
Aim: an orc priest, wielding a +0 trident and wearing a +0 leather armour (chance to affect: 46%)
The orc priest resists with some effort.
The orc priest invokes the aid of Beogh against you.
Beogh smites you!
* * * LOW HITPOINT WARNING * * *
The orc priest calls down the wrath of Beogh upon you.
Beogh smites you!
Ouch! That really hurt!
You die...

Skill      XL: |  1  2  3  4  5  6 |
---------------+-------------------+-----
Dodging        | 3 4 |  4.8
Stealth        | 5 6 7 |  7.7
Spellcasting   | 3 4 |  4.4
Hexes          | 4 5 |  5.1
Short Blades   | |  1.1

Action                   |  1- 3 |  4- 6 || total
-------------------------+-------+-------++-------
Melee: Dagger            |    77 |    27 ||   104
       Punch             |     1 |       ||     1
       Short sword       |    23 |   117 ||   140
Throw: Dart              |     1 |     3 ||     4
 Cast: Ensorcelled Hiber |    12 |    39 ||    51
       Confusing Touch   |       |     2 ||     2
 Stab: Sleeping          |    15 |    21 ||    36
       Confused          |       |     3 ||     3
       Distracted        |       |     1 ||     1
Armor: Robe              |    12 |     8 ||    20
Dodge: Dodged            |    96 |   118 ||   214

Levels and vault maps discovered:
D:1:      nagdon_arrival_zigzag_paths, layout_basic,
          shapermc_ecumenical_altar_pompeii
D:2:      layout_basic, grunt_ministairs_8
D:3:      layout_rooms, mainiacjoe_overflow_surrounded_room,
          minmay_misc_feat_nine_boxes, chequers_serial_rivers_micro_e,
          uniq_robin
D:4:      layout_basic, mainiacjoe_overflow_divided_tiny
D:5:      minmay_razor_zed, layout_loops_ring, marbit_many_paths,
          mainiacjoe_overflow_alcove_1, kennysheep_generic_room_16

Notes
Turn   | Place    | Note
-------+----------+-------------------------------------------
     0 | D:1      | kingofthe the Spriggan Enchanter began the quest for the
                  | Orb.
     0 | D:1      | Reached XP level 1. HP: 9/9 MP: 5/5
   403 | D:1      | Reached XP level 2. HP: 13/13 MP: 6/6
   413 | D:1      | Learned a level 2 spell: Ensorcelled Hibernation
   496 | D:1      | Reached skill level 3 in Dodging
   518 | D:1      | You fall into a shaft and drop 1 floor!
   583 | D:1      | Reached skill level 5 in Stealth
   583 | D:1      | Reached skill level 3 in Spellcasting
   687 | D:1      | Found a faded altar of an unknown god.
   966 | D:2      | Reached XP level 3. HP: 16/16 MP: 5/8
  1155 | D:2      | Reached skill level 4 in Hexes
  1899 | D:3      | Reached skill level 6 in Stealth
  1899 | D:3      | Reached XP level 4. HP: 16/21 MP: 5/10
  2097 | D:3      | Noticed a necrophage
  2105 | D:3      | Learned a level 3 spell: Confusing Touch
  2306 | D:3      | Noticed Robin
  2434 | D:3      | Found a broken altar of Ashenzari.
  2667 | D:3      | Killed Robin
  3002 | D:3      | Killed a necrophage
  3003 | D:3      | Reached skill level 4 in Dodging
  3003 | D:3      | Reached XP level 5. HP: 18/24 MP: 8/11
  3248 | D:4      | Reached skill level 7 in Stealth
  3649 | D:4      | Reached skill level 4 in Spellcasting
  3966 | D:4      | Reached XP level 6. HP: 26/28 MP: 6/13
  4133 | D:4      | Reached skill level 5 in Hexes
  4222 | D:4      | Found a stormy altar of Qazlal.
  4222 | D:4      | Found a white marble altar of Elyvilon.
  4410 | D:5      | Entered Level 5 of the Dungeon
  4811 | D:5      | Killed from afar by an orc priest

Vanquished Creatures
  A necrophage (D:3)
  A jelly (D:4)
  3 orc priests
  Robin (D:3)
  8 adders
  2 ufetubi
  A worm (D:3)
  10 orcs
  9 bats
  5 endoplasms
  A giant cockroach (D:1)
  16 goblins
  6 hobgoblins
  4 kobolds
  2 quokkas
  7 ball pythons
  5 frilled lizards
  4 rats (D:2)
86 creatures vanquished.

Table legend: (Time is in decaauts)
 A = Elapsed time spent in this place.
 B = Non-inter-level travel time spent in this place.
 C = Inter-level travel time spent in this place.
 D = Time resting spent in this place.
 E = Time spent auto-exploring this place.
 F = Levels seen in this place.
 G = Mean time per level.
                   A        B        C        D        E       F      G
               +--------+--------+--------+--------+--------+-----+--------+
         Total |   3836 |   3741 |     95 |    675 |   2203 |   5 |  767.2 |
       Dungeon |   3836 |   3741 |     95 |    675 |   2203 |   5 |  767.2 |
               +--------+--------+--------+--------+--------+-----+--------+

Top non-repeatable levels by time:
     D:4: 1425 daAuts
     D:3: 1007 daAuts
     D:2: 784 daAuts
     D:1: 579 daAuts
     D:5: 40 daAuts

Table legend:
 A = Non-vault XP
 B = Vault XP
 C = Vault XP percentage of total XP
 D = Non-vault monster count
 E = Vault monster count
 F = Vault count percentage of total count
                 A         B        C        D         E       F
            +---------+---------+-------+---------+---------+-------
      Total |     484 |      42 |   8.0 |      71 |      15 |  17.4
            +---------+---------+-------+---------+---------+-------
        D:1 |      21 |       0 |   0.0 |      13 |       0 |   0.0
        D:2 |      64 |       3 |   4.5 |      20 |       2 |   9.1
        D:3 |     126 |      39 |  23.6 |      12 |      13 |  52.0
        D:4 |     216 |       0 |   0.0 |      22 |       0 |   0.0
        D:5 |      57 |       0 |   0.0 |       4 |       0 |   0.0
            +---------+---------+-------+---------+---------+-------
